 Dungeon Crawl Stone Soup version 0.20.0 (webtiles) character file.

6009 BarneyGumball the Cleaver (level 10, -4/56 HPs)
             Began as a Gargoyle Fighter on June 11, 2017.
             Was a Believer of Uskayaw.
             Slain by a two-headed ogre
             ... wielding a +0 giant spiked club
              (8 damage)
             ... on level 9 of the Dungeon.
             The game lasted 00:30:48 (8300 turns).

BarneyGumball the Cleaver (Gargoyle Fighter)        Turns: 8300, Time: 00:30:48

Health: -4/56      AC: 16    Str: 19    XL:     10   Next: 85%
Magic:  15/15      EV:  9    Int: 10    God:    Uskayaw [**....]
Gold:   345        SH: 11    Dex: 12    Spells: 9/9 levels left

rFire    . . .     SeeInvis .   a - +0 war axe
rCold    . . .     Gourm    .   c - +0 shield
rNeg     + . .     Faith    .   C - +0 ring mail (curse)
rPois    ∞         Spirit   .   (no helmet)
rElec    +         Reflect  .   (no cloak)
rCorr    .         Harm     .   y - +1 pair of gloves
MR       .....                  k - +0 pair of boots
Stlth    +.........             (no amulet)
Regen    0.2/turn               (no ring)
MPRegen  0.2/turn               (no ring)

@: no status effects
A: negative energy resistance 1, electricity resistance, unbreathing,
petrification resistance, rot immunity, AC +7
a: Stomp, Line Pass, Renounce Religion


You were on level 9 of the Dungeon.
You worshipped Uskayaw.
Uskayaw was noncommittal.
You were very hungry.

You visited 2 branches of the dungeon, and saw 10 of its levels.
You also visited: Ossuary.

You collected 768 gold pieces.
You spent 423 gold pieces at shops.

Inventory:

Hand Weapons
 a - a +0 war axe (weapon)
Armour
 c - a +0 shield (worn)
 k - a +0 pair of boots (worn)
 y - a +1 pair of gloves (worn)
 C - a cursed +0 ring mail (worn)
 E - a +0 chain mail
Wands
 p - a wand of random effects (20/48)
 v - a wand of acid (8/15)
 D - a wand of iceblast (9/15)
 F - a wand of confusion (21/48)
 M - a wand of iceblast (4/15)
Scrolls
 b - a scroll of vulnerability {unknown}
 e - a scroll of identify
 h - a scroll of enchant armour
 i - 5 scrolls of teleportation
 q - a scroll of fog
 z - a scroll of noise {unknown}
 A - a scroll of acquirement {unknown}
 B - 2 scrolls of immolation {unknown}
 G - 2 scrolls of blinking
 H - a scroll of enchant weapon {unknown}
 I - a scroll of fear {unknown}
 J - a scroll of recharging {unknown}
 L - a scroll of remove curse
Potions
 d - 3 potions of curing
 j - a potion of lignification {unknown}
 l - a potion of haste {unknown}
 m - a potion of magic {unknown}
 n - 7 potions of brilliance
 o - 2 potions of agility {unknown}
 r - a potion of flight
 s - a potion of might
 t - a potion of berserk rage
 u - 2 potions of degeneration
Books
 K - a book of Debilitation

   Spells                             Type                      Level
   a - Corona                         Hexes                        1
   b - Slow                           Hexes                        2
   c - Inner Flame                    Hexes/Fire                   3
   d - Portal Projectile              Hexes/Translocation          3
   e - Cause Fear                     Hexes                        4
   f - Leda's Liquefaction            Hexes/Earth                  4
Comestibles
 f - 9 bread rations
 g - 2 meat rations
 w - 7 royal jellies
 x - 6 fruits


   Skills:
 - Level 3.2 Fighting
 * Level 10.8 Axes
 - Level 3.2 Armour
 - Level 0.5 Stealth
 + Level 9.3 Shields
 + Level 7.3 Invocations
 + Level 2.2 Evocations


You had 9 spell levels left.
You didn't know any spells.

Dungeon Overview and Level Annotations

Branches:
Dungeon (9/15)             Temple (1/1) D:4            Lair (0/6) D:9
    Orc: D:9-12

Altars:
Ashenzari
Cheibriados
Dithmenos
Elyvilon
Fedhas
Gozag
Hepliaklqana
Kikubaaqudgha
Makhleb
Nemelex Xobeh
Okawaru
Qazlal
Ru
Sif Muna
Trog
Uskayaw
Vehumet
Xom
Yredelemnul
Zin
The Shining One

Shops:
D:7 }=(%*

Annotations:
D:2 Sigmund


Innate Abilities, Weirdness & Mutations

You are resistant to torment.
Your stone body is resilient. (AC +7)
You are immune to poison.
You resist negative energy. (rN+)
You are resistant to electric shocks. (rElec)
You can survive without breathing.
You are immune to petrification.
You are immune to rotting.


Message History

You slash the two-headed ogre!
The two-headed ogre is heavily wounded.
The two-headed ogre closely misses you. You block the two-headed ogre's attack.
You can now pass through a line of other dancers.
You hit the two-headed ogre but do no damage.
The two-headed ogre is heavily wounded.
The two-headed ogre hits you with a giant spiked club!!
The two-headed ogre barely misses you.
You slash the two-headed ogre!
The two-headed ogre is heavily wounded.
You hit the two-headed ogre but do no damage.
The two-headed ogre is heavily wounded.
You block the two-headed ogre's attack.
The two-headed ogre hits you with a giant club.
You slash the two-headed ogre!
The two-headed ogre is severely wounded.
The two-headed ogre hits you with a giant spiked club!!
* * * LOW HITPOINT WARNING * * *
The two-headed ogre hits you with a giant club!
You die...

# #........O......##.#.#####.#
# #.#.######.#...###.#)# #.#
###.#.# #.........#.# #.#
......# ####.######.# #.#
###.### #.# #.#####.# #..##
##'## #.......# ##.#.##
##)..## ###.##### ##.###.##
##.....## #.## #.## ##.#
##...(@O.## #..##
##.###.####....(....####..>##
....#.....'....(....'.......#
##.......##.........####)..##
#.#..##.###...(...#####..#####
#.#.###.# ##...(.###.........#
#.#.# #)# ##...## #.##.####.#
#.#.# #.# ##'## # #.## #.#
#.#.# #.######.### #..# #.#


You could see a two-headed ogre.

Vanquished Creatures
  Pikel (D:5)
  The ghost of enarc13 the Changer, a novice DrTm of Fedhas (D:6)
  Psyche (D:9)
  Grinder (D:3)
  A hippogriff (D:7)
  A yak (D:7)
  A human (D:7)
  3 hogs (D:7)
  A wyvern (D:9)
  A water moccasin (D:6)
  An ice beast (D:8)
  An orc warrior (D:9)
  A phantom (D:6)
  A sky beast (D:8)
  3 black bears
  A necrophage (D:6)
  3 ogres
  4 centaurs
  3 bullfrogs
  A wyvern zombie (D:9)
  4 scorpions
  5 wights (D:9)
  A crimson imp (D:9)
  A bullfrog zombie (D:5)
  7 hounds
  A bullfrog skeleton (D:9)
  2 jellies
  4 orc priests
  2 centaur skeletons
  Natasha (thrice) (D:2 D:3)
  An iguana (D:5)
  Ijyb (D:3)
  10 worker ants
  9 orc wizards
  A big kobold zombie (Ossuary)
  A hound zombie (D:9)
  A hound skeleton (D:9)
  8 mummies (Ossuary)
  Robin (D:3)
  3 gnolls (D:8)
  A howler monkey skeleton (D:9)
  9 adders
  2 shadow imps
  2 adder skeletons
  A worm (D:4)
  2 dart slugs
  4 leopard geckos
  22 orcs
  A ball python (D:2)
  10 bats
  5 giant cockroaches
  15 goblins
  11 hobgoblins
  13 jackals
  7 quokkas
  5 frilled lizards
  A giant cockroach zombie (D:5)
  4 hobgoblin zombies (Ossuary)
  A jackal zombie (D:6)
  5 kobolds
  A kobold zombie (Ossuary)
  2 orc zombies (Ossuary)
  A quokka zombie (D:6)
  10 rats
232 creatures vanquished.

Vanquished Creatures (others)
  A crimson imp (D:6)
  A quokka (D:6)
2 creatures vanquished.

Grand Total: 234 creatures vanquished

Notes
Turn   | Place    | Note
-------+----------+-------------------------------------------
     0 | D:1      | BarneyGumball the Gargoyle Fighter began the quest for the Orb.
     0 | D:1      | Reached XP level 1. HP: 14/14 MP: 1/1
    29 | D:1      | Reached skill level 2 in Axes
   283 | D:1      | Reached XP level 2. HP: 19/19 MP: 2/2
   494 | D:1      | Reached XP level 3. HP: 22/23 MP: 3/3
   734 | D:2      | Reached skill level 3 in Axes
   972 | D:2      | Noticed Natasha
   974 | D:2      | Reached XP level 4. HP: 28/28 MP: 4/4
   985 | D:2      | Killed Natasha
   994 | D:2      | Noticed Sigmund
   994 | D:2      | Noticed Natasha
  1070 | D:3      | Killed Natasha
  1291 | D:3      | Found a sparkling altar of Nemelex Xobeh.
  1304 | D:3      | Reached XP level 5. HP: 32/32 MP: 5/5
  1377 | D:3      | Noticed Grinder
  1447 | D:2      | Reached skill level 4 in Axes
  2063 | D:3      | Reached XP level 6. HP: 29/37 MP: 6/6
  2091 | D:3      | Noticed Natasha
  2105 | D:3      | Killed Natasha
  2353 | D:3      | Noticed Robin
  2368 | D:3      | Killed Robin
  2374 | D:3      | Reached skill level 5 in Shields
  2454 | D:3      | Noticed Ijyb
  2461 | D:3      | Killed Ijyb
  2461 | D:3      | Reached skill level 5 in Axes
  2607 | D:3      | Paralysed by Grinder for 6 turns
  2629 | D:3      | Paralysed by Grinder for 5 turns
  2639 | D:3      | Paralysed by Grinder for 3 turns
  2683 | D:3      | Killed Grinder
  2683 | D:3      | Reached XP level 7. HP: 29/41 MP: 7/7
  2875 | D:4      | Reached skill level 6 in Axes
  2879 | D:4      | Found a sand-covered staircase.
  2885 | Ossuary  | Entered an ossuary
  3327 | D:4      | Found a staircase to the Ecumenical Temple.
  3333 | Temple   | Entered the Ecumenical Temple
  3413 | Temple   | Became a worshipper of Uskayaw the Reveler
  3467 | D:4      | Reached * piety under Uskayaw
  3496 | D:4      | Reached ** piety under Uskayaw
  3780 | D:5      | Entered Level 5 of the Dungeon
  3801 | D:5      | Reached *** piety under Uskayaw
  3900 | D:5      | Reached XP level 8. HP: 46/46 MP: 8/8
  4007 | D:5      | Reached skill level 1 in Invocations
  4049 | D:5      | Found an iron altar of Okawaru.
  4190 | D:5      | Reached skill level 7 in Axes
  4249 | D:5      | Reached **** piety under Uskayaw
  4352 | D:5      | Found a glowing silver altar of Zin.
  4352 | D:5      | Noticed an angel
  4483 | D:5      | Noticed Pikel
  4537 | D:5      | Killed Pikel
  4537 | D:5      | Reached skill level 8 in Axes
  4653 | D:6      | Reached XP level 9. HP: 51/51 MP: 11/11
  4855 | D:6      | Noticed enarc13's ghost (novice DrTm)
  4910 | D:6      | Killed enarc13's ghost
  4916 | D:6      | Reached skill level 9 in Axes
  4922 | D:6      | Reached ***** piety under Uskayaw
  5121 | D:6      | Reached skill level 5 in Invocations
  5397 | D:6      | Found a shimmering altar of Xom.
  5433 | D:6      | Found a shadowy altar of Dithmenos.
  5465 | D:6      | Found an opulent altar of Gozag.
  5626 | D:7      | Found Uhoo's Jewellery Boutique.
  5755 | D:7      | Reached XP level 10. HP: 52/56 MP: 14/14
  5773 | D:7      | Reached skill level 10 in Axes
  5900 | D:7      | Found Kecoe's Food Shoppe.
  5904 | D:7      | Found Ducoiq's Antique Weapon Shoppe.
  6072 | D:7      | Found a shattered altar of Ashenzari.
  6314 | D:7      | Found Sumnynt's Gadget Shop.
  6317 | D:7      | Bought a wand of confusion (21/48) for 206 gold pieces
  6398 | D:7      | Found Girupuib's Assorted Antiques.
  6404 | D:7      | Bought a scroll of blinking for 217 gold pieces
  6802 | D:8      | Found a sacrificial altar of Ru.
  6831 | D:8      | Found a bloodstained altar of Trog.
  6971 | D:8      | Reached skill level 1 in Evocations
  7244 | D:9      | Noticed a two-headed ogre
  7550 | D:9      | Found a snail-covered altar of Cheibriados.
  7780 | D:9      | Noticed Psyche
  7798 | D:9      | Killed Psyche
  7990 | D:9      | Found a staircase to the Lair.
  8300 | D:9      | Slain by a two-headed ogre

Skill      XL: |  1  2  3  4  5  6  7  8  9 10 |
---------------+-------------------------------+-----
Axes           | 2 3 4 5 6 8 9 10 | 10.8
Shields        | 4 5 6 7 8 9 |  9.3
Invocations    | 3 5 7 |  7.3
Evocations     | 2 |  2.2
Fighting       | |  3.2
Armour         | |  3.2
Stealth        | |  0.5

Action                   |  1- 3 |  4- 6 |  7- 9 | 10-12 || total
-------------------------+-------+-------+-------+-------++-------
Melee: War axe           |   148 |   244 |   399 |   368 ||  1159
  Use: Potion            |       |     4 |       |     1 ||     5
       Scroll            |       |     2 |     6 |     4 ||    12
 Stab: Paralysed         |       |       |    12 |    16 ||    28
  Eat: Chunk             |     1 |     5 |    11 |     8 ||    25
Armor: Scale mail        |   102 |   143 |   178 |    13 ||   436
       Ring mail         |       |       |       |   120 ||   120
Dodge: Dodged            |    48 |    78 |   103 |    91 ||   320
Block: Shield            |    91 |   128 |   183 |   187 ||   589
